 Dungeon Crawl Stone Soup version 0.24.0-123-gd5b16e6ec5 (webtiles) character file.

Game seed: 6743181258847736068, levelgen mode: deterministic

41 Descartes the Vexing (level 3, -7/16 HPs)
             Began as a Felid Wanderer on Feb 13, 2020.
             Mangled by Natasha (9 damage)
             ... on level 2 of the Dungeon.
             The game lasted 00:03:07 (2004 turns).

Descartes the Vexing (Felid Wanderer)               Turns: 2004, Time: 00:03:08

Health: -7/16      AC:  1    Str:  7    XL:     3   Next: 32%
Magic:  5/5        EV: 17    Int: 15    God:
Gold:   27         SH:  0    Dex: 15    Spells: 4/4 levels left
                                        Lives:  0   Deaths: 0

rFire    . . .     SeeInvis +     - Unarmed
rCold    . . .     Gourm    .   (shield unavailable)
rNeg     . . .     Faith    .   (armour unavailable)
rPois    .         Spirit   .   (helmet unavailable)
rElec    .         Reflect  .   (cloak unavailable)
rCorr    .         Harm     .   (gloves unavailable)
MR       .....                  (boots unavailable)
Stlth    +++.......             (no amulet)
HPRegen  0.05/turn              (no ring)
MPRegen  0.09/turn              (no ring)

@: quick
A: very small, no armour, no weapons or thrown items, stealth, claws 1, fangs 3,
see invisible, carnivore, speed 1, shaggy fur 1, slow metabolism 1, sharp paws
a: no special abilities


You were on level 2 of the Dungeon.
You were completely stuffed.

You visited 1 branch of the dungeon, and saw 2 of its levels.

You collected 27 gold pieces.

Inventory:

Missiles
 e - 12 stones
Scrolls
 j - a scroll of identify {unknown}
Potions
 b - a potion of curing
 c - a potion of lignification
 f - a potion of flight {unknown}
 g - a potion of heal wounds {unknown}
 h - a potion of brilliance {unknown}
 k - a potion of invisibility {unknown}
Miscellaneous
 a - a fan of gales
Comestibles
 d - 2 rations
 i - 6 chunks of flesh


   Skills:
 - Level 2.0 Fighting
 + Level 1.8 Dodging
 + Level 2.6 Stealth
 * Level 2.4 Unarmed Combat
 - Level 1.0 Spellcasting
   Level 3.0 Hexes
   Level 1.7 Ice Magic
 - Level 1.1 Evocations


You had 4 spell levels left.
You didn't know any spells.
Your spell library was empty.

Dungeon Overview and Level Annotations

Branches:
Dungeon (2/15)

Altars:

Annotations:
D:2 Natasha


Innate Abilities, Weirdness & Mutations

You cannot wear armour.
You are incapable of wielding weapons or throwing items.
Your paws allow you to move quietly. (Stealth)
You have sharp claws.
You have razor-sharp teeth.
You have supernaturally acute eyesight. (SInv)
You are carnivorous and can eat meat at any time.
You cover ground quickly.
You are covered in fur. (AC +1)
You have a slow metabolism.
Your sharp claws are effective at attacking unaware monsters.


Message History

Natasha claws you!
Ouch! That really hurt!
You are too injured to fight recklessly!
You are too injured to fight recklessly!
You are too injured to fight recklessly!
You barely miss Natasha.
Natasha is severely wounded.
Natasha closely misses you.
You closely miss Natasha.
Natasha is severely wounded.
Natasha closely misses you.
You barely miss Natasha.
Natasha is severely wounded.
Natasha claws you.
* * * LOW HITPOINT WARNING * * *
You barely miss Natasha.
Natasha is severely wounded.
Natasha claws you!
Ouch! That really hurt!
You die...

#.# #.# #.#
#.#
#.############
#............#
#..#####.....#
.....#
###.....#.
#####.#
#.@.......#
#+#
#h#####.###
... .. .....
## .......
.......
...###. ... #.


You could see Natasha.

Vanquished Creatures
  5 dart slugs (D:1)
  A leopard gecko (D:1)
  A ball python (D:1)
  4 bats (D:1)
  3 giant cockroaches (D:1)
  3 goblins (D:1)
  2 hobgoblins (D:1)
  3 jackals (D:1)
  A kobold (D:1)
  3 rats (D:1)
26 creatures vanquished.

Notes
Turn   | Place    | Note
-------+----------+-------------------------------------------
     0 | D:1      | Descartes the Felid Wanderer began the quest for the Orb.
     0 | D:1      | Descartes set off with the following items: a fan of gales,
                  | a potion of curing, a potion of lignification, a ration
     0 | D:1      | Reached XP level 1. HP: 9/9 MP: 3/3
   267 | D:1      | Reached skill level 1 in Dodging
   267 | D:1      | Reached XP level 2. HP: 2/13 MP: 4/4
  1226 | D:1      | Reached XP level 3. HP: 13/16 MP: 5/5
  1996 | D:2      | Noticed Natasha
  2004 | D:2      | Mangled by Natasha

Levels and vault maps discovered:
D:1:      minmay_arrival_plants_in_alcoves, layout_basic, serial_bayou_ford_a
D:2:      minmay_spotlight, layout_basic, uniq_natasha, uniq_jessica,
          uniq_sigmund

Skill      XL: |  1  2 |
---------------+-------+-----
Dodging        | 1 |  1.8
Stealth        | 2 |  2.6
Unarmed Combat | 2 |  2.4
Fighting       | |  2.0
Spellcasting   | |  1.0
Hexes          | |  3.0
Ice Magic      | |  1.7
Evocations     | |  1.1

Action                   || total
-------------------------++-------
Melee: Unarmed           ||   107
       Bite              ||     7
 Stab: Sleeping          ||     8
       Distracted        ||     1
  Eat: Chunk             ||    10
Armor: Skin              ||    10
Dodge: Dodged            ||    77
